 Dungeon Crawl Stone Soup version 0.29.0-4-gdea44cf6ec (webtiles) character file.

Game seed: 17351579072719883349

226 qw the Chopper (level 6, -3/35 HPs)
             Began as a Tengu Warper on Aug 28, 2022.
             Killed by divine providence
             ... invoked by an orc priest
              (9 damage)
             ... on level 3 of the Dungeon.
             The game lasted 00:00:16 (3131 turns).

qw the Chopper (Tengu Warper)                       Turns: 3131, Time: 00:00:17

Health: -3/35      AC:  8    Str: 14    XL:     6   Next: 1%
Magic:  10/10      EV:  7    Int: 13    God:
Gold:   115        SH:  0    Dex: 13    Spells: 9/9 levels left

rFire   . . .      SeeInvis .   Y - +0 hand axe
rCold   . . .      Faith    .   (no shield)
rNeg    . . .      Spirit   .   d - +0 chain mail
rPois   .          Reflect  .   (helmet restricted)
rElec   .          Harm     .   (no cloak)
rCorr   .          Rampage  .   (no gloves)
Will    .....                   (boots unavailable)
Stlth   ..........              (no amulet)
HPRegen 0.11/turn               (no ring)
MPRegen 0.12/turn               (no ring)

@: flying quickly and evasively, quick
A: beak, talons 3, nimble flight
a: no special abilities


You were on level 3 of the Dungeon.
You visited 1 branch of the dungeon, and saw 3 of its levels.

You collected 115 gold pieces.


Innate Abilities, Weirdness & Mutations

You have a beak for a mouth.
You have claws for feet.
Your magical nature lets you fly swiftly and evasively.


   Skills:
 - Level 2.0 Fighting
 + Level 6.3 Axes
 - Level 1.0 Throwing
 - Level 2.2 Armour
 - Level 2.1 Dodging
 - Level 2.0 Spellcasting
 - Level 2.4 Translocations


You had 9 spell levels left.
You didn't know any spells.
Your spell library contained the following spells:

 Spells                   Type           Power      Damage    Failure   Level
 Blink                    Tloc           14%        N/A       98%         2
 Gell's Gravitas          Tloc           7%         N/A       100%        3
 Lesser Beckoning         Tloc           7%         N/A       100%        3
 Teleport Other           Tloc           7%         N/A       100%        3
 Manifold Assault         Tloc           7%         N/A       100%        5

Inventory:

Hand Weapons
 b - a +0 flail
 Y - a +0 hand axe (weapon)
Armour
 d - a +0 chain mail (worn)
 m - a +0 plate armour
Jewellery
 e - a ring of fire
Scrolls
 a - 3 scrolls of identify
 c - a scroll of amnesia {unknown}
 j - a scroll of summoning {unknown}
 k - a scroll of noise {unknown}
 l - a scroll of butterflies {unknown}
Potions
 f - a potion of curing {unknown}
 g - 2 potions of cancellation {unknown}
 h - a potion of attraction {unknown}
 i - 2 potions of degeneration {unknown}

Dungeon Overview and Level Annotations

Branches:
Dungeon (3/15)

Altars:


Message History

A hobgoblin comes into view.
The orc priest calls upon Beogh to heal the orc.
The orc's wounds heal themselves!
The orc barely misses you.
You closely miss the orc. You claw the orc.
The orc is heavily wounded.
You hit the orc. The orc hits you with a +0 mace. The orc closely misses you.
You barely miss the orc. Your punch misses the orc.
The orc is heavily wounded.
You hit the orc but do no damage. The orc hits you but does no damage. x2
You hit the orc but do no damage.
The orc is heavily wounded.
You hit the orc but do no damage. The orc hits you but does no damage. x2
You barely miss the orc. You claw the orc, but do no damage.
The orc is heavily wounded.
You hit the orc. The orc hits you but does no damage. x2
You hit the orc. Your peck misses the orc.
The orc is almost dead.
You hit the orc but do no damage. The orc barely misses you.
The orc hits you with a +0 hand axe.
You hit the orc but do no damage.
The orc is almost dead.
You hit the orc but do no damage. The orc hits you but does no damage.
The orc hits you with a +0 hand axe.
The orc priest calls down the wrath of Beogh upon you.
Beogh smites you!
You hit the orc but do no damage.
The orc is almost dead.
You closely miss the orc. The orc hits you but does no damage.
The orc closely misses you.
You hit the orc.
You kill the orc!
You barely miss the orc. The orc barely misses you.
The orc priest invokes the aid of Beogh against you.
Beogh smites you!
You die...

#. #.# #.. .g #o
#o## #)o# #@# #.#
#+# #.#########
#.# #.##......#
#.####
#.##.####.###.##.#
#.##.# #.##....#.
#.##.####.#....###
#.............## #
####.####.###..###


You could see an orc priest, 2 orcs and a hobgoblin.

Vanquished Creatures
  Natasha (twice) (D:2)
  An iguana (D:3)
  Ijyb (D:3)
  4 adders
  3 gnolls (D:2)
  A worm (D:2)
  4 dart slugs
  An orc (D:3)
  3 bats
  An endoplasm (D:3)
  A giant cockroach (D:1)
  14 goblins
  2 hobgoblins (D:1)
  2 quokkas
  4 ball pythons
  3 frilled lizards (D:1)
  4 kobolds
  4 rats
55 creatures vanquished.

Notes
Turn   | Place    | Note
-------+----------+-------------------------------------------
     0 | D:1      | qw the Tengu Warper began the quest for the Orb.
     0 | D:1      | Reached XP level 1. HP: 12/12 MP: 4/4
     0 | D:1      | 0 ||| qw: Version: 0.1-a-89-g26bdef1
     0 | D:1      | 0 ||| qw: Game counter: 3115
     0 | D:1      | 0 ||| qw: Always use a shield: true
     0 | D:1      | 0 ||| qw: God list: Okawaru
     0 | D:1      | 0 ||| qw: Allow faded altars: false
     0 | D:1      | 0 ||| qw: Do Orc after D:15 true
     0 | D:1      | 0 ||| qw: Do second Lair branch before Depths: true
     0 | D:1      | 0 ||| qw: Lair rune preference: random
     0 | D:1      | 0 ||| qw: Plans: Normal
     0 | D:1      | 0 ||| PLANNING D:1-11
   186 | D:1      | Reached skill level 3 in Axes
   186 | D:1      | Reached XP level 2. HP: 12/17 MP: 6/6
   467 | D:1      | 467 ||| Stepping ~*~*~tactically~*~*~ (stealth).
   842 | D:1      | 842 ||| UPGRADING to +0 chain mail.
   852 | D:1      | 852 ||| DROPPING +0 leather armour.
   853 | D:1      | 853 ||| DROPPING +0 ring mail.
   854 | D:1      | 854 ||| READING 2 scrolls labelled NYT RATWAMPUGUORCH.
   855 | D:1      | 855 ||| DROPPING scroll of blinking.
   996 | D:2      | 996 ||| Stepping ~*~*~tactically~*~*~ (hiding).
  1026 | D:2      | 1026 ||| Stepping ~*~*~tactically~*~*~ (hiding).
  1033 | D:2      | Reached skill level 4 in Axes
  1033 | D:2      | Reached XP level 3. HP: 9/21 MP: 7/7
  1226 | D:2      | 1226 ||| DROPPING +0 club.
  1306 | D:2      | 1306 ||| Stepping ~*~*~tactically~*~*~ (hiding).
  1308 | D:2      | 1308 ||| Stepping ~*~*~tactically~*~*~ (hiding).
  1414 | D:2      | Found a faded altar of an unknown god.
  1470 | D:2      | Noticed Natasha
  1471 | D:2      | 1471 ||| Stepping ~*~*~tactically~*~*~ (hiding).
  1479 | D:2      | Killed Natasha
  1480 | D:2      | Reached skill level 5 in Axes
  1480 | D:2      | Reached XP level 4. HP: 22/26 MP: 8/8
  1743 | D:2      | Noticed Natasha
  1744 | D:2      | 1744 ||| Stepping ~*~*~tactically~*~*~ (stealth).
  2025 | D:2      | Killed Natasha
  2026 | D:2      | Gained mutation: Your magical nature lets you fly swiftly
                  | and evasively. [Tengu growth]
  2026 | D:2      | Reached XP level 5. HP: 26/30 MP: 9/9
  2064 | D:2      | 2064 ||| READING scroll labelled BETZOI ERROCY.
  2065 | D:2      | 2065 ||| DROPPING potion of brilliance.
  2127 | D:3      | Identified the +4 falchion of Dividends {spect, Fragile
                  | Str+5 SInv}
  2292 | D:3      | Reached skill level 6 in Axes
  2489 | D:3      | 2489 ||| Stepping ~*~*~tactically~*~*~ (stealth).
  2494 | D:3      | Noticed Ijyb
  2494 | D:3      | 2494 ||| Stepping ~*~*~tactically~*~*~ (hiding).
  2500 | D:3      | 2500 ||| Stepping ~*~*~tactically~*~*~ (hiding).
  2502 | D:3      | 2502 ||| Stepping ~*~*~tactically~*~*~ (hiding).
  2535 | D:3      | Killed Ijyb
  2585 | D:3      | 2585 ||| Stepping ~*~*~tactically~*~*~ (stealth).
  2934 | D:3      | 2934 ||| Stepping ~*~*~tactically~*~*~ (stealth).
  2938 | D:3      | 2938 ||| Stepping ~*~*~tactically~*~*~ (hiding).
  2940 | D:3      | 2940 ||| Stepping ~*~*~tactically~*~*~ (hiding).
  2949 | D:3      | Reached XP level 6. HP: 35/35 MP: 10/10
  3129 | D:3      | HP: 6/35 [orc priest/divine providence (9)]
  3131 | D:3      | Killed from afar by an orc priest

Levels and vault maps discovered:
D:1:      spicycebolla_arrival_clurvy, layout_loops_ring
D:2:      layout_loops_cross, ebering_ecumenical_altar_mist,
          roderic_cross_of_infinity, uniq_natasha
D:3:      kennysheep_the_goblin_king, layout_loops_corners

Skill      XL: |  1  2  3  4  5 |
---------------+----------------+-----
Axes           | 3 4 5 6 |  6.3
Armour         | 2 |  2.2
Fighting       | |  2.0
Throwing       | |  1.0
Dodging        | |  2.1
Spellcasting   | |  2.0
Translocations | |  2.4

Action                   |  1- 3 |  4- 6 || total
-------------------------+-------+-------++-------
Melee: Hand axe          |    55 |    94 ||   149
       Peck              |     9 |    10 ||    19
       Kick              |    10 |    33 ||    43
       Punch             |     1 |       ||     1
       Unarmed           |       |    24 ||    24
Throw: Boomerang         |     7 |       ||     7
  Use: Scroll            |     1 |     1 ||     2
Armor: Leather armour    |    11 |       ||    11
       Chain mail        |     4 |    51 ||    55
       Skin              |       |     3 ||     3
Dodge: Dodged            |    24 |    50 ||    74

Table legend:
 A = Non-vault XP
 B = Vault XP
 C = Vault XP percentage of total XP
 D = Non-vault monster count
 E = Vault monster count
 F = Vault count percentage of total count
                 A         B        C        D         E       F
            +---------+---------+-------+---------+---------+-------
      Total |     242 |      85 |  26.0 |      47 |       8 |  14.5
            +---------+---------+-------+---------+---------+-------
        D:1 |      25 |       0 |   0.0 |      17 |       0 |   0.0
        D:2 |     132 |      37 |  21.9 |      17 |       1 |   5.6
        D:3 |      85 |      48 |  36.1 |      13 |       7 |  35.0
            +---------+---------+-------+---------+---------+-------
